 Dungeon Crawl Stone Soup version 0.19.0-19-g8c6edcc (webtiles) character file.

156879 Kassandra the Tortoise (level 17, -4/174 HPs)
             Began as a Minotaur Berserker on Nov 15, 2016.
             Was the Champion of Trog.
             Killed from afar by a thorn hunter (38 damage)
             ... with a volley of thorns
             ... on level 4 of the Swamp.
             The game lasted 02:13:07 (30676 turns).

Kassandra the Tortoise (Minotaur Berserker)        Turns: 30676, Time: 02:13:07

Health: -4/174     AC: 20    Str: 23      XL:     17   Next: 11%
Magic:  21/21      EV: 24    Int: 17 (18) God:    Trog [******]
Gold:   2459       SH:  3    Dex: 13 (14) Spells: 0 memorised, 16 levels left

rFire  + . .     SeeInvis .     q - +5 executioner's axe (flame)
rCold  + . .     Gourm    .     l - +0 swamp dragon scales
rNeg   . . .     Faith    .     (shield currently unavailable)
rPois  +         Spirit   .     (helmet unavailable)
rElec  .         Reflect  +     e - +0 cloak of Ijies {Int+6 Slay+2}
rCorr  .         Harm     .     P - +1 pair of gloves
MR     +++..                    J - +2 pair of boots {Fly}
Stlth  ++........               k - amulet "Eggiuf Zear" {Reflect *Corrode rF+ rC+ SH+3}
                                i - +6 ring of intelligence
                                o - +4 ring of evasion

@: exhausted, flying, regenerating
A: retaliatory headbutt, horns 3, talons 1, deterioration 1, robust 1
a: Berserk, Trog's Hand, Brothers in Arms, Burn Spellbooks, Renounce Religion,
Stop Flying


You were on level 4 of the Swamp.
You worshipped Trog.
Trog was exalted by your worship.
You were not hungry.

You visited 6 branches of the dungeon, and saw 28 of its levels.
You also visited: Ice Cave.

You collected 2459 gold pieces.

Inventory:

Hand Weapons
 p - a +1 longbow of velocity
 q - a +5 executioner's axe of flaming (weapon)
 G - the +4 mace "Zowapp" {drain, MR+ Int+6 Dex+4}
   (You found it on level 5 of the Dungeon)

   A truly terrible weapon, it drains the life of those it strikes.
   It affects your intelligence (+6).
   It affects your dexterity (+4).
   It affects your resistance to hostile enchantments.
 R - the +1 hunting sling of Hepliaklqana's Pride {freeze, rElec rF+ Str-3}
   (You found it on level 12 of the Dungeon)

   It causes projectiles fired from it to freeze those they strike, causing
   extra injury to most foes and up to half again as much damage against
   particularly susceptible opponents.
   They can also slow down cold-blooded creatures.
   It affects your strength (-3).
   It protects you from fire.
   It insulates you from electricity.
Missiles
 H - a throwing net (quivered)
Armour
 e - the +0 cloak of Ijies (worn) {Int+6 Slay+2}
   (You acquired it on level 4 of the Lair of Beasts)

   It affects your intelligence (+6).
   It affects your accuracy and damage with ranged weapons and melee attacks
   (+2).
 l - +0 swamp dragon scales (worn)
 s - +0 pearl dragon scales
 J - a +2 pair of boots of flying (worn)
 M - +1 fire dragon scales
 P - a +1 pair of gloves (worn)
Jewellery
 i - a +6 ring of intelligence (right hand)
 j - an uncursed ring of see invisible
 k - the amulet "Eggiuf Zear" (around neck) {Reflect *Corrode rF+ rC+ SH+3}
   (You found it on level 3 of the Lair of Beasts)

   [amulet of reflection]

   It shields you and reflects attacks.
   It protects you from fire.
   It protects you from cold.
   It may corrode you when you take damage.
   It affects your SH (+3).
 o - a +4 ring of evasion (left hand)
 w - an uncursed ring of teleportation
 A - an uncursed ring of protection from fire
 D - a +3 ring of evasion
 O - an uncursed ring of protection from magic
 Q - an uncursed ring of protection from fire
 U - the ring of Lupnist {rElec rN+ Slay-4 SInv}
   (You found it on level 3 of the Swamp)

   [ring of see invisible]

   It affects your accuracy and damage with ranged weapons and melee attacks
   (-4).
   It insulates you from electricity.
   It protects you from negative energy.
   It lets you see invisible.
 Y - a +4 ring of evasion
Wands
 a - a wand of acid (12/15)
 n - a wand of teleportation (4/9)
 t - a wand of confusion (30/48)
 v - a wand of acid (7/15)
 B - a wand of iceblast (5/15)
 T - a wand of digging (17/24)
 X - a wand of confusion (29/48)
Scrolls
 h - a scroll of holy word
 x - 3 scrolls of magic mapping
 y - 4 scrolls of remove curse
 E - a scroll of fear
 F - 3 scrolls of fog
 I - 2 scrolls of teleportation
 W - a scroll of enchant armour
Potions
 b - 4 potions of curing
 d - 2 potions of resistance
 f - 4 potions of haste
 m - a potion of ambrosia
 r - a potion of beneficial mutation
 u - 3 potions of agility
 z - 2 potions of berserk rage
 C - 2 potions of heal wounds
 K - a potion of might
Books
 N - a book of Transfigurations

   Spells                             Type                      Level
   a - Irradiate                      Conjuration/Transmutation    5
   b - Statue Form                    Transmutation/Earth          6
   c - Hydra Form                     Transmutation                6
   d - Dragon Form                    Transmutation                7
   Trog disapproves of the use of such an item.
 Z - a Fen Folio

   Spells                             Type                      Level
   a - Corpse Rot                     Necromancy                   2
   b - Stone Arrow                    Conjuration/Earth            3
   c - Leda's Liquefaction            Hexes/Earth                  4
   d - Summon Forest                  Summoning/Translocation      5
   e - Hydra Form                     Transmutation                6
   f - Summon Hydra                   Summoning                    7
   Trog disapproves of the use of such an item.
Miscellaneous
 g - 2 phantom mirrors
 V - a phial of floods
Comestibles
 c - 11 bread rations


   Skills:
 - Level 16.5 Fighting
 + Level 14.3(14.4) Axes
 - Level 3.6(13.3) Maces & Flails
   Level 14.0(14.2) Staves
 - Level 17.1 Armour
 - Level 14.9 Dodging
 - Level 4.2 Stealth
 - Level 7.6 Evocations


You had 16 spell levels left.
You didn't know any spells.

Dungeon Overview and Level Annotations

Branches:
Dungeon (14/15)            Temple (1/1) D:6            Lair (6/6) D:9
  Swamp (4/4) Lair:4        Snake (0/4) Lair:2        Slime (0/5) Lair:5
    Orc (2/2) D:12            Elf (1/3) Orc:2        Vaults (0/5) D:14

Altars:
Ashenzari
Cheibriados
Dithmenos
Elyvilon
Fedhas
Gozag
Hepliaklqana
Kikubaaqudgha
Makhleb
Nemelex Xobeh
Okawaru
Qazlal
Ru
Sif Muna
Trog
Uskayaw
Vehumet
Xom
Yredelemnul
Zin
The Shining One
Beogh
Jiyva

Shops:
D:9 :   D:11 %   Orc:2 ::%(

Annotations:
Lair:5 1 runed door


Innate Abilities, Weirdness & Mutations

You reflexively headbutt those who attack you in melee.
You have a pair of large horns on your head.
You have sharp toenails.
Your body sometimes deteriorates upon taking damage.
You are robust. (+10% HP)


Message History

The thorn hunter fires a volley of thorns at you.
The volley of thorns misses you.
The briar patch crumbles away. x2
Things that are here:
+0 swamp dragon scales; a swamp dragon corpse
Things that are here:
a swamp dragon corpse; a swamp drake skeleton; a hydra skeleton The thorn hunter fires a volley of thorns at you.
The volley of thorns misses you.
Okay, then.
Your skin crawls.
You feel resistant to hostile enchantments.
You feel somewhat more hungry.
The briar patch crumbles away.
The thorn hunter barely misses you. The thorn hunter completely misses you.
You feel yourself speed up.
The thorn hunter fires a volley of thorns at you.
The volley of thorns misses you.
The thorn hunter fires a volley of thorns at you.
The volley of thorns hits you!
You die...

≈≈♣ ♣♣.≈♣ ♣♣≈≈.≈.≈....≈≈.♣≈≈.
≈≈♣♣♣♣≈≈.♣ ♣....≈≈≈§...≈≈≈♣.≈≈
....≈♣♣..♣♣♣♣ ♣...≈.≈≈≈≈.§≈≈.≈♣≈
.≈≈≈.♣♣.≈♣..♣♣♣♣.§≈♣≈.≈≈P≈≈≈≈≈.♣♣
≈≈≈≈≈≈(≈.≈≈≈≈.♣♣≈....≈≈≈P≈≈≈≈.♣♣
.≈≈≈≈≈≈≈..≈≈≈..♣♣♣♣♣..♣≈≈≈≈.≈♣♣♣♣
≈..≈≈≈≈..≈≈≈≈≈.≈♣♣♣♣♣♣♣≈.≈≈≈.♣♣♣≈
♣.≈≈≈≈.♣.≈≈≈≈§≈..P♣♣♣♣♣♣≈≈≈≈≈.≈..
♣≈≈≈≈≈...≈≈≈.≈≈≈@P÷÷♣♣≈.§≈≈≈≈≈.≈.
.≈..≈....≈≈≈..≈§..f†[≈..≈≈≈≈≈...≈
..≈..≈.....≈♣♣..≈♣♣♣≈≈≈..≈≈.≈♣♣♣♣
♣♣≈≈≈≈.♣≈♣......≈♣ ♣≈≈≈≈≈≈≈.♣♣
♣♣≈≈≈.♣♣..≈≈≈..♣♣♣♣♣≈≈≈≈≈≈.♣♣
♣.≈≈§♣♣♣..≈≈≈.♣♣ ♣≈≈≈≈k≈≈≈♣♣
♣♣≈..♣♣≈♣♣≈♣♣♣≈♣ ♣♣♣≈......♣♣
♣..≈..♣♣♣♣♣ ♣♣♣ ♣≈.k.♣≈≈.♣
♣♣♣≈.♣♣ ♣♣≈≈.♣≈≈≈♣♣


You could see a thorn hunter.

Vanquished Creatures
  Rupert (Lair:5)
  A tentacled monstrosity (Swamp:3)
  A sphinx (D:12)
  3 thorn hunters
  Roxanne (Swamp:2)
  A storm dragon (D:14)
  A fire giant (D:12)
  A frost giant (IceCv)
  2 orc warlords
  A deep elf demonologist (Elf:1)
  2 fire dragons
  A great orb of eyes (D:14)
  A yaktaur captain (D:12)
  An ice dragon (D:12)
  4 catoblepae
  3 centaur warriors
  18 hydras
  2 ghost crabs
  10 death yaks (Lair:6)
  8 alligators
  Erica (Orc:1)
  A queen ant (Lair:3)
  A deep troll earth mage (D:12)
  6 orc high priests (Orc:2)
  7 swamp dragons
  6 unseen horrors
  2 spriggan druids (Swamp:3)
  3 shambling mangroves
  2 phantasmal warriors
  5 lindwurms
  A wizard (D:14)
  A glowing orange brain (D:14)
  7 hill giants
  A deep elf archer (Elf:1)
  9 deep elf magi (Elf:1)
  4 orc knights (Orc:2)
  A wolf spider (D:12)
  5 manticores
  4 orc sorcerers
  14 ugly things
  4 cyclopes
  Maurice (D:9)
  9 elephants
  3 centaur zombies
  9 black mambas
  9 spiny frogs
  2 molten gargoyles (Lair:6)
  A torpor snail (Lair:4)
  A guardian serpent (shapeshifter) (D:13)
  An ice statue (IceCv)
  4 centaur skeletons
  13 komodo dragons
  A rime drake (Lair:6)
  A tengu conjurer (D:14)
  7 two-headed ogres (Orc:2)
  16 polar bears
  6 tyrant leeches
  10 bog bodies
  10 hippogriffs
  12 hornets
  8 trolls
  10 slime creatures
  10 blink frogs
  An air elemental (Elf:1)
  4 spriggans
  3 shadows
  41 yaks
  7 basilisks
  4 wyverns
  A human (shapeshifter) (D:11)
  9 vampire mosquitoes
  3 hungry ghosts
  A mottled dragon (Lair:6)
  4 nagas (Lair:2)
  4 wargs (Orc:2)
  22 swamp worms
  3 insubstantial wisps (Swamp:1)
  7 soldier ants (Lair:3)
  7 water moccasins
  5 hell hounds (Lair:6)
  47 orc warriors
  5 porcupines
  7 swamp drakes
  2 ice beasts
  4 sky beasts
  A black bear (D:12)
  An eye of draining (D:9)
  13 ogres
  10 centaurs
  24 wolves
  9 crocodiles
  2 big kobolds
  14 bullfrogs
  A wyvern skeleton (D:7)
  5 scorpions
  The ghost of baghtru the Chopper, a weakling HOFi (D:3)
  10 killer bees
  A howler monkey (D:5)
  9 crimson imps
  5 lava snakes (Lair:6)
  3 hounds
  2 jellies
  Crazy Yiuf (D:7)
  2 bullfrog zombies
  23 orc wizards
  31 orc priests
  2 bullfrog skeletons
  Terence (D:2)
  7 iguanas
  29 worker ants
  A killer bee zombie (D:10)
  2 hound skeletons
  A howler monkey zombie (D:7)
  12 adders
  7 shadow imps
  An ooze (D:5)
  2 adder zombies
  3 worms
  3 dart slugs
  6 leopard geckos
  110 orcs
  2 ball pythons
  11 bats
  5 giant cockroaches
  7 goblins
  13 hobgoblins
  17 jackals
  4 quokkas
  4 frilled lizards
  13 kobolds
  2 leopard gecko skeletons
  7 rats
  A briar patch (Swamp:4)
924 creatures vanquished.

Vanquished Creatures (collateral kills)
  Sonja (Lair:1)
1 creature vanquished.

Vanquished Creatures (others)
  An alligator (Swamp:2)
  A deep elf knight (Elf:1)
  A swamp dragon (Swamp:1)
  A molten gargoyle (Lair:6)
  A hornet (Swamp:2)
  A swamp worm (Swamp:3)
  A fire vortex (Lair:6)
  7 fungi
  3 plants
17 creatures vanquished.

Grand Total: 942 creatures vanquished

Notes
Turn   | Place    | Note
-------+----------+-------------------------------------------
     0 | D:1      | Kassandra the Minotaur Berserker began the quest for the Orb.
     0 | D:1      | Reached XP level 1. HP: 19/19 MP: 0/0
   251 | D:1      | Reached XP level 2. HP: 24/27 MP: 1/1
   896 | D:2      | Reached skill level 5 in Fighting
   905 | D:2      | Reached XP level 3. HP: 24/36 MP: 2/2
  1057 | D:2      | Reached ** piety under Trog
  1135 | D:2      | Noticed Terence
  1140 | D:2      | Killed Terence
  1140 | D:2      | Reached XP level 4. HP: 44/44 MP: 3/3
  1269 | D:2      | Found a sparkling altar of Nemelex Xobeh.
  1704 | D:3      | Reached XP level 5. HP: 51/51 MP: 4/4
  1713 | D:3      | Found a sacrificial altar of Ru.
  1769 | D:3      | Noticed baghtru's ghost (weakling HOFi)
  1778 | D:3      | Killed baghtru's ghost
  1988 | D:3      | Found a sacrificial altar of Ru.
  2279 | D:4      | Reached skill level 1 in Staves
  2353 | D:4      | Reached XP level 6. HP: 44/60 MP: 5/5
  2511 | D:4      | HP: 3/60 [orc wizard/puff of flame (8)]
  2513 | D:4      | Reached skill level 5 in Staves
  3337 | D:5      | Entered Level 5 of the Dungeon
  3337 | D:5      | Noticed an orc warrior
  3340 | D:4      | Reached XP level 7. HP: 66/66 MP: 6/6
  3349 | D:4      | Reached *** piety under Trog
  3360 | D:4      | HP: 4/99 [orc warrior/scimitar (19)]
  3695 | D:5      | Got a shimmering mace
  3781 | D:5      | Reached skill level 3 in Armour
  3790 | D:5      | Reached XP level 8. HP: 54/73 MP: 7/7
  4096 | D:6      | Reached skill level 4 in Armour
  4124 | D:6      | Reached skill level 5 in Armour
  4329 | D:6      | Found a staircase to the Ecumenical Temple.
  4341 | Temple   | Entered the Ecumenical Temple
  4412 | D:6      | Identified the +4 mace "Zowapp" {drain, MR+ Int+6 Dex+4} (You found it on level 5 of the Dungeon)
  4442 | D:6      | Reached skill level 6 in Armour
  4792 | D:7      | Found a runed door.
  4796 | D:7      | Noticed Crazy Yiuf
  4799 | D:7      | Killed Crazy Yiuf
  4834 | D:7      | Reached **** piety under Trog
  4886 | D:7      | Reached skill level 5 in Dodging
  4954 | D:7      | Found a blossoming altar of Fedhas.
  5175 | D:7      | Reached XP level 9. HP: 7/79 MP: 8/8
  5178 | D:7      | HP: 5/118 [poisoned by a killer bee]
  5182 | D:6      | HP: 1/79 [poisoned by a killer bee]
  5678 | D:8      | Found a burning altar of Makhleb.
  5679 | D:8      | Found a glowing silver altar of Zin.
  5680 | D:8      | Found a shadowy altar of Dithmenos.
  5680 | D:8      | Found a bloodstained altar of Trog.
  5684 | D:8      | Found a sparkling altar of Nemelex Xobeh.
  6036 | D:8      | Found a snail-covered altar of Cheibriados.
  6413 | D:9      | Found a staircase to the Lair.
  6423 | Lair:1   | Entered Level 1 of the Lair of Beasts
  6445 | D:9      | Noticed Maurice
  6503 | D:9      | Killed Maurice
  6580 | D:9      | Noticed a purple ugly thing
  6595 | D:9      | Killed a purple ugly thing
  6595 | D:9      | Reached skill level 10 in Staves
  6831 | D:9      | Found Nevesing's Book Boutique.
  6841 | D:9      | Reached XP level 10. HP: 86/86 MP: 9/9
  7163 | D:10     | Entered Level 10 of the Dungeon
  7168 | D:10     | Noticed a hill giant
  7177 | D:10     | Killed a hill giant
  7418 | D:10     | Noticed a hill giant
  7421 | D:10     | Killed a hill giant
  7509 | D:10     | Noticed a six-headed hydra
  7520 | D:10     | Killed a six-headed hydra
  7579 | D:11     | Noticed a green ugly thing
  7587 | D:11     | Killed a green ugly thing
  7632 | D:11     | Noticed a hill giant
  7638 | D:11     | Killed a hill giant
  7649 | D:11     | Found Ygiafiwk's Food Shop.
  7724 | D:11     | Reached XP level 11. HP: 74/99 MP: 10/10
  7927 | D:11     | Reached ***** piety under Trog
  8063 | D:11     | Reached skill level 10 in Fighting
  8080 | D:11     | Found a blossoming altar of Fedhas.
  8313 | D:12     | Noticed a wolf spider
  8318 | D:12     | Reached skill level 7 in Armour
  8331 | D:12     | Killed a wolf spider
  8605 | D:12     | Killed an unseen horror
  8605 | D:12     | Reached skill level 8 in Armour
  8775 | D:12     | Noticed a seven-headed hydra
  8821 | D:10     | Noticed a hill giant
  8826 | D:10     | Killed a hill giant
  8826 | D:10     | Reached skill level 9 in Armour
  8921 | Lair:1   | Reached skill level 10 in Armour
  9720 | Lair:1   | Reached skill level 11 in Armour
  9731 | Lair:1   | Reached skill level 1 in Evocations
 10043 | Lair:2   | Noticed Sonja
 10238 | Lair:2   | Reached skill level 1 in Stealth
 10408 | Lair:2   | Found a staircase to the Snake Pit.
 10590 | Lair:1   | HP: 7/148 [poisoned by Sonja]
 10594 | Lair:1   | Killed Sonja
 10922 | Lair:2   | Reached XP level 12. HP: 98/106 MP: 13/13
 10985 | Lair:2   | Noticed a catoblepas
 11008 | Lair:2   | Killed a catoblepas
 11870 | Lair:3   | Reached skill level 12 in Armour
 11952 | Lair:3   | Got a translucent silver amulet
 11953 | Lair:3   | Identified the amulet "Eggiuf Zear" {Reflect *Corrode rF+ rC+ SH+3} (You found it on level 3 of the Lair of Beasts)
 12099 | Lair:3   | Noticed a queen ant
 12119 | Lair:3   | Killed a queen ant
 12119 | Lair:3   | Reached skill level 10 in Dodging
 12168 | Lair:3   | Received a gift from Trog
 12694 | Lair:4   | Noticed a four-headed hydra
 12703 | Lair:4   | Killed a four-headed hydra
 12706 | Lair:4   | Identified a scroll of acquirement
 12707 | Lair:4   | Got a translucent cloak
 12708 | Lair:4   | Identified the +0 cloak of Ijies {Int+6 Slay+2} (You acquired it on level 4 of the Lair of Beasts)
 13173 | Lair:4   | Found a staircase to the Swamp.
 13234 | Lair:4   | Noticed a catoblepas
 13253 | Lair:4   | Killed a catoblepas
 13710 | Lair:5   | Reached XP level 13. HP: 108/118 MP: 14/14
 13762 | Lair:5   | Reached skill level 13 in Armour
 13844 | Lair:5   | Noticed Rupert
 13858 | Lair:5   | Paralysed by Rupert for 4 turns
 13866 | Lair:5   | Killed Rupert
 13964 | Lair:5   | Found a runed door.
 13966 | Lair:5   | Noticed an azure jelly
 13969 | Lair:5   | Noticed an azure jelly
 13970 | Lair:5   | Found a viscous altar of Jiyva.
 13970 | Lair:5   | Found a staircase to the Slime Pits.
 14532 | Lair:6   | Entered Level 6 of the Lair of Beasts
 14960 | Lair:6   | Gained mutation: You are robust. (+10% HP) [potion of mutation]
 14960 | Lair:6   | Gained mutation: You have sharp toenails. [potion of mutation]
 14960 | Lair:6   | Gained mutation: Your body sometimes deteriorates upon taking damage. [potion of mutation]
 15036 | Lair:6   | Reached skill level 14 in Armour
 15066 | Lair:6   | HP: 5/134 [molten gargoyle/bolt of magma (9)]
 15488 | Lair:6   | Received a gift from Trog
 16428 | Lair:6   | Reached XP level 14. HP: 143/143 MP: 15/15
 16549 | Lair:6   | Found a large runed door.
 16550 | Lair:6   | Found a large runed door.
 17069 | D:12     | Noticed a fire giant
 17089 | D:12     | Killed a fire giant
 17089 | D:12     | Reached skill level 15 in Armour
 17275 | D:12     | Received a gift from Trog
 17698 | D:12     | Noticed an orc warlord
 17742 | D:12     | Killed an orc warlord
 17864 | D:12     | Found a glowing golden altar of the Shining One.
 18170 | D:12     | Found a staircase to the Orcish Mines.
 18225 | D:12     | Noticed a sphinx
 18240 | D:12     | Killed a sphinx
 18240 | D:12     | Reached skill level 5 in Evocations
 18251 | D:12     | Got a brightly glowing rapier
 18251 | D:12     | Got a smoking hunting sling
 18451 | D:12     | Identified the +1 hunting sling of Hepliaklqana's Pride {freeze, rElec rF+ Str-3} (You found it on level 12 of the Dungeon)
 18657 | D:13     | Reached skill level 15 in Fighting
 18811 | D:13     | Identified the +9 rapier "Uxeliudi" {venom, Str+3 Dex+4} (You found it on level 12 of the Dungeon)
 19000 | D:13     | Received a gift from Trog
 19004 | D:13     | Got a shimmering quarterstaff {god gift}
 19169 | Lair:1   | Identified the +3 quarterstaff of Certain Death {vamp, Str+3 Int+2} (Trog gifted it to you on level 13 of the Dungeon)
 19209 | Lair:1   | Gained mutation: You have a pair of large horns on your head. [potion of beneficial mutation]
 19670 | D:14     | Reached XP level 15. HP: 155/155 MP: 18/18
 19744 | D:14     | Found a frozen archway.
 19751 | IceCv    | Entered an ice cave
 19803 | IceCv    | Reached skill level 16 in Armour
 19989 | IceCv    | Noticed a frost giant
 20019 | IceCv    | Killed a frost giant
 20588 | D:14     | Found a gate to the Vaults.
 20808 | D:14     | Found a runed door.
 21092 | D:14     | Noticed a storm dragon
 21138 | D:14     | Killed a storm dragon
 21155 | D:14     | Identified the Collected Works on Ashen Poisoning
 21172 | D:14     | Got an ichor-stained scale mail
 21173 | D:14     | Identified the +1 scale mail "Oruqa" {rC- Int+5} (You found it on level 14 of the Dungeon)
 21421 | Orc:1    | Entered Level 1 of the Orcish Mines
 21480 | Orc:1    | Noticed Erica
 21486 | Orc:1    | Killed Erica
 21640 | Orc:2    | Entered Level 2 of the Orcish Mines
 21952 | Orc:2    | Found a staircase to the Elven Halls.
 22012 | Orc:2    | Received a gift from Trog
 22148 | Orc:2    | Noticed an orc warlord
 22149 | Orc:2    | Found a roughly hewn altar of Beogh.
 22173 | Orc:2    | Killed an orc warlord
 22524 | Orc:2    | Found Irymas's Book Shop.
 22975 | Orc:2    | Received a gift from Trog
 23037 | Orc:2    | Found a roughly hewn altar of Beogh.
 23056 | Orc:2    | Found Sokhuh's Food Boutique.
 23074 | Orc:2    | Found Damo's Weapon Shop.
 23078 | Orc:2    | Reached skill level 1 in Axes
 23192 | Orc:2    | Reached skill level 17 in Armour
 23297 | Orc:2    | Reached XP level 16. HP: 167/167 MP: 20/20
 23512 | Orc:2    | Found Naanto's Book Emporium.
 23580 | Elf:1    | Entered Level 1 of the Elven Halls
 23601 | Elf:1    | Received a gift from Trog
 23980 | Elf:1    | HP: 3/167 [deep elf knight/arrow (17)]
 25009 | Lair:1   | Reached skill level 5 in Axes
 25086 | Swamp:1  | Entered Level 1 of the Swamp
 25986 | Swamp:1  | Received a gift from Trog
 26537 | Swamp:2  | Reached ****** piety under Trog
 26614 | Swamp:2  | Noticed Roxanne
 26631 | Swamp:2  | Killed Roxanne
 27043 | Swamp:2  | Noticed a thorn hunter
 27052 | Swamp:2  | Killed a thorn hunter
 27052 | Swamp:2  | Reached skill level 10 in Axes
 27613 | Swamp:3  | Got a clouded lapis lazuli ring
 27614 | Swamp:3  | Identified the ring of Lupnist {rElec rN+ Slay-4 SInv} (You found it on level 3 of the Swamp)
 28864 | Swamp:3  | Found a runed door.
 28864 | Swamp:3  | Noticed a tentacled monstrosity
 28885 | Swamp:3  | Killed a tentacled monstrosity
 29082 | Swamp:4  | Entered Level 4 of the Swamp
 29233 | Swamp:4  | Noticed a thorn hunter
 29275 | Swamp:4  | HP: 6/167 [swamp dragon] (9)]
 29276 | Swamp:3  | HP: 1/167 [poisoned by a swamp dragon (poison gas)]
 29973 | Swamp:4  | Received a gift from Trog
 29976 | Swamp:4  | Noticed a thorn hunter
 29982 | Swamp:4  | Killed a thorn hunter
 30462 | Swamp:4  | Reached XP level 17. HP: 145/174 MP: 21/21
 30676 | Swamp:4  | Killed from afar by a thorn hunter

Skill      XL: |  1  2  3  4  5  6  7  8  9 10 11 12 13 14 15 16 17 |
---------------+----------------------------------------------------+-----
Fighting       | 4 5 6 7 9 10 12 13 15 16 | 16.5
Staves         | 3 6 8 11 14 | 14.0
Armour         | 3 6 11 12 14 15 17 | 17.1
Dodging        | 6 8 10 12 13 14 | 14.9
Evocations     | 3 5 7 |  7.6
Stealth        | 4 |  4.2
Axes           | 2 13 14 | 14.3
Maces & Flails | |  3.6

Action                   |  1- 3 |  4- 6 |  7- 9 | 10-12 | 13-15 | 16-18 || total
-------------------------+-------+-------+-------+-------+-------+-------++-------
Melee: Mace              |    66 |    41 |       |    38 |    16 |       ||   161
       Headbutt          |    10 |    18 |    51 |   132 |   297 |   125 ||   633
       Lajatang          |       |    90 |   307 |   522 |  1114 |       ||  2033
       Executioner's axe |       |       |       |       |    65 |   458 ||   523
       Great mace        |       |       |       |       |     4 |       ||     4
Invok: Berserk           |     1 |     2 |     2 |     6 |     5 |     7 ||    23
       Trog's Hand       |       |     2 |     1 |     2 |     1 |     5 ||    11
       Brothers in Arms  |       |       |       |     1 |       |       ||     1
  Use: Scroll            |       |       |    13 |     6 |    15 |     9 ||    43
       Potion            |       |       |     5 |     9 |     4 |     4 ||    22
 Stab: Petrified         |       |       |       |       |    10 |       ||    10
  Eat: Chunk             |     1 |    10 |    10 |    20 |    32 |     9 ||    82
       Pizza             |       |       |     1 |     1 |       |     1 ||     3
       Royal jelly       |       |       |     1 |       |       |       ||     1
       Fruit             |       |       |       |     3 |       |       ||     3
       Meat ration       |       |       |       |     1 |       |     3 ||     4
       Bread ration      |       |       |       |       |     2 |     1 ||     3
       Beef jerky        |       |       |       |       |       |     2 ||     2
Armor: Ring mail         |    28 |    14 |       |       |       |       ||    42
       Chain mail        |       |    78 |    43 |       |       |       ||   121
       Skin              |       |       |    11 |    10 |       |       ||    21
       Plate armour      |       |       |   158 |   403 |       |       ||   561
       Pearl dragon scal |       |       |       |    12 |   520 |   270 ||   802
       Swamp dragon scal |       |       |       |       |       |    47 ||    47
Dodge: Dodged            |    48 |    76 |   150 |   255 |   963 |   772 ||  2264
Block: Buckler           |       |     1 |       |       |       |       ||     1
       Other             |       |       |       |     9 |   116 |    91 ||   216
       Reflection        |       |       |       |       |     5 |     5 ||    10
